 Dungeon Crawl Stone Soup version 0.20.1-1-g8b1a95d (webtiles) character file.

67 vineage the Twirler (level 4, -2/34 HPs)
             Began as a Demonspawn Gladiator on Aug 20, 2017.
             Slain by a gnoll
             ... wielding a +0 whip
              (7 damage)
             ... on level 4 of the Dungeon.
             The game lasted 00:04:44 (1690 turns).

vineage the Twirler (Demonspawn Gladiator)          Turns: 1690, Time: 00:04:44

Health: -2/34      AC:  3    Str: 16    XL:     4   Next: 0%
Magic:  4/4        EV: 12    Int: 11    God:
Gold:   120        SH:  6    Dex: 14    Spells: 3/3 levels left

rFire    + . .     SeeInvis .   s - +1 whip (freeze)
rCold    . . .     Gourm    .   k - +0 buckler
rNeg     . . .     Faith    .   b - +0 leather armour
rPois    .         Spirit   .   (helmet restricted)
rElec    .         Reflect  +   (no cloak)
rCorr    .         Harm     .   (no gloves)
MR       .....                  (no boots)
Stlth    +.........             m - +3 amulet of reflection
Regen    0.2/turn               t - +2 ring of intelligence
MPRegen  0.1/turn               i - ring of protection from fire

@: no status effects
A: antennae 1, powered by pain 1
a: no special abilities


You were on level 4 of the Dungeon.
You were not hungry.

You visited 1 branch of the dungeon, and saw 4 of its levels.

You collected 120 gold pieces.

Inventory:

Hand Weapons
 a - a +0 quarterstaff
 s - a +1 whip of freezing (weapon)
Missiles
 d - 3 throwing nets (quivered)
Armour
 b - a +0 leather armour (worn)
 c - a +1 helmet
 k - a +0 buckler (worn)
Jewellery
 e - an uncursed ring of resist corrosion
 i - a ring of protection from fire (right hand)
 m - a +3 amulet of reflection (around neck)
 t - a +2 ring of intelligence (left hand)
Scrolls
 g - 3 scrolls of magic mapping
 h - a scroll of identify
 j - a scroll of remove curse
Potions
 l - a potion of brilliance
 n - a potion of heal wounds
Comestibles
 f - a bread ration
 p - 3 meat rations
 q - a royal jelly


   Skills:
 + Level 2.6 Fighting
 + Level 0.1(2.0) Maces & Flails
 + Level 3.3 Staves
 + Level 1.9 Throwing
 + Level 0.8 Armour
 + Level 3.2 Dodging
 + Level 0.2 Stealth


You had 3 spell levels left.
You didn't know any spells.

Dungeon Overview and Level Annotations

Branches:
Dungeon (4/15)
 Temple: D:4-7

Altars:
Sif Muna


Innate Abilities, Weirdness & Mutations

You have a pair of small antennae on your head.
You sometimes gain a little power by taking damage.


Message History

You hit the gnoll. You freeze the gnoll.
The gnoll is heavily wounded.
The gnoll hits you with a club!
A gnoll comes into view.
The gnoll shouts! x3
The gnoll hits you with a club. The gnoll hits you with a whip.
You block the gnoll's attack. The gnoll misses you.
The gnoll barely misses you. The gnoll closely misses you.
Found 16 gold pieces.
You block the gnoll's attack. The gnoll hits you. The gnoll closely misses you.
The gnoll hits you but does no damage. The gnoll hits you.
The gnoll closely misses you. The gnoll hits you with a club.
The gnoll hits you!
* * * LOW HITPOINT WARNING * * *
The gnoll closely misses you. You block the gnoll's attack.
The gnoll barely misses you. The gnoll hits you with a whip!
You die...

#. #.
#.######
##......
$..... .#
#..####..##
##.g#.....##
#.gg@.....#
#..g##....#
#.........#
#...........
#.#..#..#.##
#...........
###..###....
#.........
##.###....


You could see 4 gnolls.

Vanquished Creatures
  An adder (D:3)
  An ooze (D:1)
  A worm (D:3)
  2 dart slugs (D:2)
  A leopard gecko (D:1)
  An orc (D:3)
  2 giant cockroaches
  5 goblins
  8 hobgoblins
  9 kobolds
  A quokka (D:3)
  5 bats
  2 frilled lizards (D:3)
  7 rats
46 creatures vanquished.

Notes
Turn   | Place    | Note
-------+----------+-------------------------------------------
     0 | D:1      | vineage the Demonspawn Gladiator began the quest for the Orb.
     0 | D:1      | Reached XP level 1. HP: 16/16 MP: 1/1
   177 | D:1      | Gained mutation: You sometimes gain a little power by taking damage. [demonic ancestry]
   177 | D:1      | Reached XP level 2. HP: 12/22 MP: 2/2
   613 | D:2      | Reached XP level 3. HP: 27/27 MP: 3/3
  1052 | D:2      | Found a deep blue altar of Sif Muna.
  1667 | D:3      | Gained mutation: You have a pair of small antennae on your head. [demonic ancestry]
  1667 | D:3      | Reached XP level 4. HP: 34/34 MP: 4/4
  1690 | D:4      | Slain by a gnoll

Skill      XL: |  1  2 |
---------------+-------+-----
Staves         | 3 |  3.3
Dodging        | 3 |  3.2
Fighting       | |  2.6
Maces & Flails | |  0.1
Throwing       | |  1.9
Armour         | |  0.8
Stealth        | |  0.2

Action                   |  1- 3 |  4- 6 || total
-------------------------+-------+-------++-------
Melee: Quarterstaff      |    80 |       ||    80
       Whip              |    54 |     1 ||    55
  Use: Scroll            |     8 |       ||     8
 Stab: Sleeping          |     2 |       ||     2
  Eat: Bread ration      |     1 |       ||     1
       Chunk             |     1 |       ||     1
Armor: Leather armour    |    42 |     1 ||    43
Dodge: Dodged            |    81 |     7 ||    88
Block: Buckler           |     8 |     3 ||    11
       Other             |     1 |       ||     1
       Reflection        |     1 |       ||     1
